Map: Proxima Station LE

Players

Elazer - Winner!

  • Race: Zerg Zerg
  • Spawn Location: 1:00

Has

  • Race: Protoss Protoss
  • Spawn Location: 7:00

Event: WCS Valencia 2017

VOD

Have the link to the VOD?

Description

Time

  • Played on: July 14, 2017, 8:47 a.m.
  • Length: 7:08

All games in this series

Show
View Real Time Build Order
Export as new Build Order

Elazer Zerg - Winner!

Build Orders: Hatch First 

Get SALT Encoding   

  12  0:00  Drone  
  13  0:12  Overlord  
  13  0:17  Drone  
  14  0:30  Drone  
  14  0:31  Drone  
  14  0:34  Drone  
  17  0:51  Hatchery  
  17  0:54  Drone  
  17  0:58  Drone  
  18  1:08  Extractor  
  17  1:13  Spawning Pool  
  17  1:15  Drone  
  17  1:19  Drone  
  18  1:29  Drone  
  19  1:39  Overlord  
  19  1:50  Drone  
  20  2:00  Drone  
  21  2:01  Queen  
  21  2:03  Queen  
  21  2:04  Zergling x2  
  21  2:08  Metabolic Boost  
  26  2:12  Drone  
  26  2:15  Drone  
  28  2:22  Drone  
  29  2:25  Drone  
  30  2:34  Drone  
  31  2:43  Drone  
  32  2:44  Hatchery  
  32  2:49  Overlord  
  32  2:50  Drone  
  32  2:54  Drone  
  33  3:01  Drone  
  33  3:05  Drone  
  35  3:08  Queen  
  35  3:11  Drone x3  
  35  3:12  Drone  
  41  3:14  Drone  
  41  3:18  Overlord  
  42  3:24  Lair  
  42  3:26  Drone  
  43  3:28  Drone  
  43  3:29  Extractor  
  43  3:31  Drone  
  44  3:36  Overlord  
  44  3:38  Drone  
  45  3:42  Drone x2  
  45  3:43  Drone  
  45  3:45  Drone  
  49  3:49  Overlord  
  49  3:50  Extractor  
  48  3:56  Overlord  
  48  3:58  Drone  
  48  3:59  Drone  
  48  4:02  Drone  
  51  4:03  Spore Crawler  
  51  4:04  Spore Crawler  
  51  4:07  Drone  
  51  4:08  Drone  
  51  4:13  Drone  
  52  4:18  Drone x2  
  52  4:19  Extractor  
  52  4:21  Spore Crawler  
  52  4:23  Hydralisk Den  
  51  4:24  Drone  
  51  4:25  Evolution Chamber, Drone x2  
  51  4:26  Drone  
  51  4:29  Overlord  
  54  4:32  Drone  
  54  4:34  Drone x2  
  57  4:40  Zergling x2  
  57  4:42  Overlord  
  58  4:46  Drone x3  
  58  4:49  Overlord  
  58  4:52  Muscular Augments  
  61  4:56  Zerg Missile Weapons Level 1  
  61  4:59  Hydralisk  
  63  5:01  Hydralisk  
  63  5:04  Hydralisk  
  67  5:10  Hydralisk x2  
  67  5:13  Hydralisk  
  73  5:15  Hydralisk  
  73  5:18  Hydralisk  
  73  5:19  Hydralisk  
  79  5:22  Overlord  
  79  5:26  Hydralisk  
  81  5:31  Hydralisk x2  
  81  5:32  Hydralisk  
  81  5:35  Overlord  
  87  5:40  Hydralisk  
  87  5:41  Hydralisk  
  90  5:46  Hydralisk  
  90  5:47  Overlord  
  92  5:52  Hydralisk  
  92  5:56  Hydralisk  
  96  5:59  Hydralisk  
  96  6:01  Zergling x2  
  96  6:02  Zergling x10  
  102  6:05  Zergling x6  
  102  6:09  Zergling x2  
  102  6:10  Zergling x4  
  106  6:16  Zergling x8  
  103  6:19  Zergling x2  
  103  6:25  Hydralisk  
  99  6:32  Hydralisk  
  99  6:33  Hydralisk  
  97  6:41  Hydralisk x3  
Show
View Real Time Build Order
Export as new Build Order

Has Protoss 

Build Orders: 1 Gate Expand, Oracle Opening 

Get SALT Encoding   

  12  0:00  Probe (Chrono Boost)  
  13  0:12  Probe (Chrono Boost)  
  14  0:18  Pylon  
  14  0:23  Probe (Chrono Boost)  
  15  0:36  Probe (Chrono Boost)  
  15  0:40  Gateway  
  16  0:46  Probe (Chrono Boost)  
  16  0:49  Assimilator  
  18  0:57  Probe (Chrono Boost)  
  18  1:07  Probe (Chrono Boost)  
  19  1:24  Nexus  
  19  1:28  Probe (Chrono Boost)  
  20  1:40  Cybernetics Core  
  20  1:42  Probe (Chrono Boost)  
  21  1:49  Assimilator  
  21  1:53  Probe (Chrono Boost)  
  22  1:57  Pylon  
  22  2:03  Probe (Chrono Boost)  
  23  2:16  Probe (Chrono Boost)  
  23  2:20  Stargate  
  24  2:26  Probe (Chrono Boost)  
  24  2:28  Stalker (Chrono Boost)  
  27  2:38  Probe  
  27  2:39  Probe  
  27  2:44  Pylon  
  29  2:45  Warp Gate  
  29  2:50  Probe x2 (Chrono Boost)  
  31  3:04  Void Ray (Chrono Boost)  
  31  3:05  Probe  
  35  3:09  Probe  
  37  3:16  Probe  
  38  3:21  Probe  
  38  3:26  Probe, Twilight Council  
  39  3:33  Probe  
  41  3:37  Probe  
  42  3:45  Probe  
  42  3:47  Probe  
  43  3:49  Assimilator  
  43  3:54  Oracle (Chrono Boost)  
  43  3:55  Pylon  
  44  3:58  Probe  
  48  4:08  Gateway  
  48  4:10  Gateway  
  48  4:11  Gateway  
  48  4:12  Charge (Chrono Boost)  
  48  4:17  Gateway  
  48  4:26  Gateway  
  48  4:28  Gateway  
  48  4:30  Gateway  
  48  4:37  Gateway  
  48  4:41  Pylon  
  48  4:43  Oracle  
  48  4:51  Pylon  
  51  5:18  Zealot x4  
  51  5:19  Zealot  
  61  5:22  Pylon  
  61  5:27  Zealot  
  61  5:28  Zealot  
  65  5:31  Pylon  
  65  5:33  Pylon  
  65  5:34  Zealot  
  67  5:39  Zealot x2  
  67  5:40  Zealot x2  
  75  5:44  Zealot  
  75  5:48  Zealot x2  
  81  5:58  Zealot  
  83  6:17  Zealot x3  
  83  6:18  Zealot x4  
  93  6:22  Zealot  
  57  6:41  Zealot x4  
  57  6:42  Zealot x3  
  57  6:43  Zealot  
Tags
 
Add a new tag
Caveats
  • Supply blocks, unpowered buildings, or Contaminate may cause inaccurate times.
  • Supply counts are checked every 10 seconds.